 Dungeon Crawl Stone Soup version 0.23.2 (webtiles) character file.

Game seed: 10171524809399191795

761 Fang the Skirmisher (level 7, -3/66 HPs)
             Began as a Gargoyle Berserker on Apr 2, 2019.
             Was a Priest of Trog.
             Slain by an ice beast (14 damage)
             ... on level 5 of the Dungeon.
             The game lasted 00:03:36 (3350 turns).

Fang the Skirmisher (Gargoyle Berserker)            Turns: 3350, Time: 00:03:36

Health: -3/66      AC: 14    Str: 27    XL:     7   Next: 80%
Magic:  7/7        EV: 10    Int:  8    God:    Trog [***...]
Gold:   89         SH:  0    Dex:  9    Spells: 6/6 levels left

rFire    . . .     SeeInvis .   a - +0 hand axe
rCold    . . .     Gourm    .   (no shield)
rNeg     + + .     Faith    .   b - +0 chain mail
rPois    ∞         Spirit   .   (no helmet)
rElec    +         Reflect  .   (no cloak)
rCorr    .         Harm     .   (no gloves)
MR       .....                  (no boots)
Stlth    ..........             k - amulet of the acrobat
HPRegen  0.21/turn              c - ring of positive energy
MPRegen  0.10/turn              (no ring)

@: berserking (expiring), very quick
A: negative energy resistance 1, electricity resistance, unbreathing,
petrification resistance, rot immunity, AC +4
a: Berserk, Trog's Hand, Renounce Religion


You were on level 5 of the Dungeon.
You worshipped Trog.
Trog was most pleased with you.
You were very hungry.

You visited 1 branch of the dungeon, and saw 5 of its levels.

You collected 89 gold pieces.

Inventory:

Hand Weapons
 a - a +0 hand axe (weapon)
Armour
 b - a +0 chain mail (worn)
Jewellery
 c - a ring of positive energy (left hand)
 k - an amulet of the acrobat (around neck)
Wands
 t - a wand of paralysis (8)
Scrolls
 f - a scroll of noise {unknown}
 h - a scroll of fog {unknown}
 i - 5 scrolls of identify {unknown}
 l - a scroll of blinking {unknown}
 q - 2 scrolls of remove curse {unknown}
 s - a scroll of magic mapping {unknown}
 v - a scroll of amnesia {unknown}
 w - a scroll of fear {unknown}
Potions
 d - a potion of degeneration {unknown}
 e - 2 potions of resistance {unknown}
 g - a potion of curing {unknown}
 j - a potion of invisibility {unknown}
 m - 2 potions of might {unknown}
 n - a potion of mutation {unknown}
 o - a potion of flight {unknown}
 p - a potion of ambrosia {unknown}
Comestibles
 r - a ration


   Skills:
 + Level 5.6 Fighting
 + Level 4.6 Axes
 + Level 5.0 Armour
 + Level 3.7 Dodging


You had 6 spell levels left.
You didn't know any spells.
Your spell library was empty.

Dungeon Overview and Level Annotations

Branches:
Dungeon (5/15)
 Temple: D:4-7

Altars:


Innate Abilities, Weirdness & Mutations

You are resistant to torment.
Your stone body is resilient. (AC +4)
You are immune to poison.
You resist negative energy. (rN+)
You are resistant to electric shocks. (rElec)
You can survive without breathing.
You are immune to petrification.
You are immune to rotting.


Message History

You kill the orc!
Trog accepts your kill.
You completely miss the ice beast. You hit the orc but do no damage.
The orc hits you but does no damage.
Things that are here:
a +0 dagger; a +0 robe; 10 gold pieces You barely miss the ice beast.
The ice beast is severely wounded.
You hit the orc but do no damage. The orc closely misses you.
The ice beast barely misses you.
You hit the ice beast.
The ice beast is almost dead.
You barely miss the orc. You closely miss the ice beast.
The ice beast is almost dead.
You barely miss the orc. The orc hits you but does no damage.
The ice beast hits you.
* * * LOW HITPOINT WARNING * * *
The ice beast freezes you!
You die...

..# . ... ..# #.#..
..#####.#..
..........
#.........#####
#.............#
#.<......†....#
#...........[.#
#.########.Y@.#####
#.########..o.a.....
#....#..............
#....#.#...###......
#........### ......
##...#.#............
#...#.##.####..>...
#####.# .# ..... #.#
..


You could see an ice beast, a worker ant and an orc.

Vanquished Creatures
  The ghost of flotson the Bolt Thrower, an amateur DsHu (D:4)
  2 howler monkeys (D:5)
  2 orc priests (D:4)
  3 hounds
  An iguana (D:4)
  4 orc wizards
  3 worker ants (D:4)
  A killer bee zombie (D:5)
  4 adders
  A shadow imp (D:5)
  2 oozes
  A worm (D:2)
  3 leopard geckos
  14 orcs
  4 bats
  3 giant cockroaches (D:3)
  2 goblins
  3 hobgoblins
  2 quokkas
  A frilled lizard (D:1)
  6 kobolds
  5 rats
68 creatures vanquished.

Notes
Turn   | Place    | Note
-------+----------+-------------------------------------------
     0 | D:1      | Fang the Gargoyle Berserker began the quest for the Orb.
     0 | D:1      | Reached XP level 1. HP: 14/14 MP: 1/1
   175 | D:1      | Reached XP level 2. HP: 19/19 MP: 2/2
   496 | D:2      | Reached XP level 3. HP: 23/24 MP: 3/3
  1761 | D:3      | Reached ** piety under Trog
  1870 | D:3      | Reached XP level 4. HP: 22/29 MP: 4/4
  2035 | D:3      | Found a faded altar of an unknown god.
  2137 | D:4      | Reached XP level 5. HP: 10/33 MP: 5/5
  2382 | D:4      | Reached XP level 6. HP: 39/39 MP: 6/6
  2472 | D:4      | Found a runed translucent door.
  2485 | D:4      | Noticed flotson's ghost (amateur DsHu)
  2498 | D:4      | Killed flotson's ghost
  2498 | D:4      | Reached skill level 5 in Fighting
  2498 | D:4      | Reached XP level 7. HP: 44/44 MP: 7/7
  3288 | D:5      | Entered Level 5 of the Dungeon
  3345 | D:5      | Reached *** piety under Trog
  3346 | D:5      | Reached skill level 5 in Armour
  3350 | D:5      | Slain by an ice beast

Skill      XL: |  1  2  3  4  5  6  7 |
---------------+----------------------+-----
Axes           | 3 4 |  4.6
Dodging        | 2 3 |  3.7
Armour         | 3 4 5 |  5.0
Fighting       | 4 5 |  5.6

Action                   |  1- 3 |  4- 6 |  7- 9 || total
-------------------------+-------+-------+-------++-------
Melee: Hand axe          |    93 |   143 |    92 ||   328
Invok: Berserk           |     1 |     3 |     1 ||     5
  Eat: Chunk             |     1 |     4 |     3 ||     8
       Ration            |     1 |       |       ||     1
Armor: Animal skin       |    30 |       |       ||    30
       Chain mail        |    34 |    87 |    92 ||   213
Dodge: Dodged            |    49 |    55 |    66 ||   170
